 Dungeon Crawl Stone Soup version 0.22-a0-247-gbddf880 (webtiles) character file.

8 KarmaPolice the Skirmisher (level 2, 24/24 HPs)
             Began as a Demonspawn Abyssal Knight on Feb 24, 2018.
             Was an Initiate of Lugonu.
             Quit the game on level 1 of the Dungeon.
             The game lasted 00:02:04 (432 turns).

KarmaPolice the Skirmisher (DsAK)                    Turns: 432, Time: 00:02:04

Health: 24/24      AC:  3    Str: 12    XL:     2   Next: 0%
Magic:  4/4        EV: 11    Int: 13    God:    Lugonu [......]
Gold:   45         SH:  0    Dex: 12    Spells: 1/1 levels left

rFire    . . .     SeeInvis .   h - +0 dagger (venom)
rCold    . . .     Gourm    .   (no shield)
rNeg     . . .     Faith    .   b - +0 leather armour
rPois    .         Spirit   .   (no helmet)
rElec    .         Reflect  .   (no cloak)
rCorr    .         Harm     .   (no gloves)
MR       .....                  (no boots)
Stlth    +++.......             (no amulet)
HPRegen  0.08/turn              e - ring of stealth
MPRegen  0.09/turn              g - ring of stealth

@: no status effects
A: talons 1
a: Renounce Religion


You were on level 1 of the Dungeon.
You worshipped Lugonu.
Lugonu was noncommittal.
You were not hungry.

You visited 1 branch of the dungeon, and saw 1 of its levels.
You visited the Abyss 1 time.

You collected 45 gold pieces.

Inventory:

Hand Weapons
 a - a +1 hand axe
 h - a +0 dagger of venom (weapon)
Armour
 b - a +0 leather armour (worn)
Jewellery
 e - a ring of stealth (left hand)
 g - a ring of stealth (right hand)
Scrolls
 f - a scroll of identify {unknown}
 i - 2 scrolls of teleportation {unknown}
Potions
 d - a potion of might {unknown}
Comestibles
 c - a ration
 j - 3 chunks of flesh


   Skills:
 + Level 3.2 Fighting
 + Level 2.0 Axes
 - Level 1.7 Armour
 - Level 0.8 Dodging
 + Level 2.8 Invocations


You had one spell level left.
You didn't know any spells.

Dungeon Overview and Level Annotations

Branches:
Dungeon (1/15)

Altars:


Innate Abilities, Weirdness & Mutations

You have sharp toenails.


Message History

No target in view!
Unknown command.
A goblin comes into view.
A goblin is nearby!
Found 2 brown potions.
A frilled lizard comes into view.
You see here a scroll labeled LEFIRA SIPSIH.
The helpless goblin fails to defend itself.
You hit the goblin.
You kill the goblin!
Lugonu accepts your kill.
You have reached level 2!
Your demonic ancestry asserts itself...
Your toenails lengthen and sharpen.
You see here a goblin corpse.
You butcher the goblin corpse.
j - 3 chunks of flesh (gained 1) Quiver which item? (- for none, * to show all) (? for menu, Esc to quit)
Okay, then.
Are you sure you want to abandon this character and quit the game? (Confirm with "yes".)

######### #.......#
#.....>.############ #
#...(...#.)........#
###..............!...#
.....................#
##)........?....@....#
.....................#
####(................#
#..##.....$........#
#.###......[...#####
... ..#.........#
...)l..............
...................
.... ......


There were no monsters in sight!

Vanquished Creatures
  A dart slug (D:1)
  A giant cockroach (D:1)
  2 kobolds (D:1)
  A bat (D:1)
  2 goblins (D:1)
7 creatures vanquished.

Notes
Turn   | Place    | Note
-------+----------+-------------------------------------------
     0 | Abyss:1  | KarmaPolice the Demonspawn Abyssal Knight began the quest for the Orb.
     0 | Abyss:1  | Reached XP level 1. HP: 18/18 MP: 2/2
    36 | Abyss:2  | Noticed a ynoxinul
    94 | Abyss:2  | Noticed a small abomination
    94 | D:1      | Escaped the Abyss
   428 | D:1      | Gained mutation: You have sharp toenails. [demonic ancestry]
   428 | D:1      | Reached XP level 2. HP: 24/24 MP: 4/4
   432 | D:1      | Quit the game

Vault maps used:
D:1:      dpeg_arrival_tiny_i
Abyss:1:  evilmike_abyss_exit_17

Skill      XL: |  1 |
---------------+----+-----
Axes           | 2 |  2.0
Fighting       | |  3.2
Armour         | |  1.7
Dodging        | |  0.8
Invocations    | |  2.8

Action                   || total
-------------------------++-------
Melee: Dagger            ||     9
       Hand axe          ||     4
Invok: Depart the Abyss  ||     1
 Stab: Sleeping          ||     3
Armor: Leather armour    ||     4
Dodge: Dodged            ||     6

Table legend:
 A = Spawn XP
 B = Non-spawn XP
 C = Spawn XP percentage of total XP
 D = Spawn monster count
 E = Non-spawn monster count
 F = Spawn count percentage of total count
 G = Total turns spent on level
                    A         B        C        D         E        F      G
               +---------+---------+-------+---------+---------+-------+---------
         Total |       0 |      12 |   0.0 |       0 |       6 |   0.0 |   432
               +---------+---------+-------+---------+---------+-------+---------
           D:1 |       0 |      12 |   0.0 |       0 |       6 |   0.0 |   338
               +---------+---------+-------+---------+---------+-------+---------
